 Dungeon Crawl Stone Soup version 0.30-a0-709-gcdc1b43e22 (webtiles) character file.

Game seed: 11470278182125748578

1645 Citaku the Protected (level 8, -8/71 HPs)
             Began as a Minotaur Fighter on Jan 22, 2023.
             Mangled by a vampire (9 damage)
             ... on level 6 of the Dungeon.
             The game lasted 00:06:38 (4566 turns).

Citaku the Protected (Minotaur Fighter)             Turns: 4566, Time: 00:06:39

Health: -8/71      AC: 11    Str: 23    XL:     8   Next: 67%
Magic:  7/7        EV:  9    Int:  5    God:
Gold:   218        SH:  5    Dex: 10    Spells: 7/7 levels left

rFire   . . .      SeeInvis .    D - +1 hand axe (elec)
rCold   . . .      Faith    .    c - +0 buckler
rNeg    . . .      Spirit   .    b - +0 scale mail
rPois   +          Reflect  .    (helmet restricted)
rElec   .          Harm     .    k - +0 cloak
rCorr   .          Rampage  .    (no gloves)
Will    +....                    n - +0 pair of boots Stlth
                                 (no amulet)
HPRegen 0.31/turn                o - ring of willpower
MPRegen 0.10/turn                s - ring of poison resistance

@: mighty
A: horns 2, retaliatory headbutt
a: no special abilities


You were on level 6 of the Dungeon.
You visited 2 branches of the dungeon, and saw 7 of its levels.

You collected 218 gold pieces.

Inventory:

Hand Weapons
 D - a +1 hand axe of electrocution (weapon)
Missiles
 E - a throwing net (quivered)
Armour
 b - a +0 scale mail (worn)
 c - a +0 buckler (worn)
 k - a +0 cloak (worn)
 n - a +0 pair of boots (worn)
Jewellery
 o - a ring of willpower (left hand)
 s - a ring of poison resistance (right hand)
Wands
 q - a wand of mindburst (13)
 y - a wand of light (11)
 H - a wand of paralysis (5)
 J - a wand of flame (3)
Scrolls
 e - a scroll of magic mapping
 g - a scroll of vulnerability {unknown}
 i - 2 scrolls of teleportation {unknown}
 m - 2 scrolls of blinking {unknown}
 p - a scroll of silence {unknown}
 u - a scroll of enchant weapon {unknown}
 v - 2 scrolls of brand weapon {unknown}
 w - a scroll of fear {unknown}
 B - a scroll of amnesia {unknown}
 F - a scroll of enchant armour {unknown}
Potions
 a - a potion of berserk rage {unknown}
 j - a potion of cancellation {unknown}
 l - 2 potions of brilliance
 r - 2 potions of ambrosia {unknown}
 t - 2 potions of magic
 x - a potion of resistance {unknown}
 z - a potion of degeneration {unknown}
 A - 2 potions of flight {unknown}
 C - a potion of lignification {unknown}
 G - a potion of heal wounds {unknown}
 I - a potion of haste {unknown}


   Skills:
 + Level 6.5 Fighting
 * Level 7.9 Axes
 * Level 8.5 Armour
 + Level 6.5 Shields


You had 7 spell levels left.
You didn't know any spells.
Your spell library contained the following spells:

 Spells                   Type           Power      Damage    Failure   Level
 Slow                     Hex            0%         N/A       83%         1
 Ensorcelled Hibernation  Hex/Ice        0%         N/A       92%         2
 Passwall                 Tmut/Erth      0%         N/A       92%         2
 Confusing Touch          Hex            0%         N/A       99%         3
 Swiftness                Air            0%         N/A       99%         3
 Vampiric Draining        Necr           0%         2d6       99%         3


Dungeon Overview and Level Annotations

Branches:
Dungeon (6/15)             Temple (1/1) D:4

Altars:
Ashenzari
Cheibriados
Dithmenos
Elyvilon
Fedhas
Gozag
Hepliaklqana
Kikubaaqudgha
Makhleb
Nemelex Xobeh
Okawaru
Qazlal
Ru
Sif Muna
Trog
Uskayaw
Wu Jian
Xom
Yredelemnul

Shops:
D:2 =

Annotations:
D:5 3 runed translucent doors, M4edhros's ghost, novice OpWn


Innate Abilities, Weirdness & Mutations

You have a pair of horns on your head.
You reflexively headbutt those who attack you in melee.


Message History

You kill the killer bee!
Something hits you. Something bites you but does no damage.
Your Fighting skill increases to level 6!
Your Axes skill increases to level 7!
Your Armour skill increases to level 8!
Your Shields skill increases to level 6!
Something hits you but does no damage. Something bites you!
Something draws strength from your injuries!
You feel sick. Something hits you but does no damage. Something bites you.
* * * LOW HITPOINT WARNING * * *
Something draws strength from your injuries!
You feel sick. The iguana closely misses you. You furiously retaliate!
You headbutt the iguana!!
You kill the iguana!
You feel sick.
You see here an iguana corpse.
You feel sick.
You feel sick.
You feel sick.
You are no longer poisoned.
Something hits you.
* * * LOW HITPOINT WARNING * * *
Something bites you but does no damage.
You hit something. Something hits you but does no damage.
You block something's attack.
You closely miss something. Something hits you.
* * * LOW HITPOINT WARNING * * *
Something bites you but does no damage.
You barely miss something. You block something's attack.
Something bites you but does no damage.
You feel better. Something completely misses you. Something bites you.
* * * LOW HITPOINT WARNING * * *
Something draws strength from your injuries!
You miss something. Something hits you but does no damage. Something bites you!
* * * LOW HITPOINT WARNING * * *
Something draws strength from your injuries!
You feel better. Something hits you!
* * * LOW HITPOINT WARNING * * *
Something bites you!
You die...

.##.####..#.###.$...##
....# ##....####'''###
.######....###..).†..#
.####...#..# #.(..†..#
......###..# ###....##
..##...##..# ##....#
...........####.†...#
.........#...##.{...#
.#.......#.#....@...#
##...)...#..##....###
##..))..###.##.##..##
##))....##..........#
...).......#.####.###
##........##..##..#
#........###..##.##
.........# #.....#
..##...#.###.#..##


There were no monsters in sight!

Vanquished Creatures
  The ghost of semem the Covered, a novice AtFi (D:6)
  Duvessa (D:4)
  A black bear (D:6)
  2 centaurs (D:6)
  2 bullfrogs (D:6)
  A necrophage (D:4)
  2 scorpions
  Dowan (D:4)
  A killer bee (D:6)
  2 howler monkeys (D:6)
  2 hounds (D:6)
  An orc priest (D:6)
  3 iguanas
  An orc wizard (D:5)
  3 gnolls (D:6)
  5 adders
  A white imp (D:5)
  An ufetubus (D:6)
  3 worms (D:3)
  12 orcs
  6 ball pythons
  6 endoplasms
  A giant cockroach (D:1)
  9 goblins
  4 hobgoblins
  5 jackals
  4 kobolds
  5 quokkas
  3 bats
  3 frilled lizards
  2 rats (D:2)
  2 bushes (D:1)
96 creatures vanquished.

Vanquished Creatures (others)
  2 plants (D:1)
2 creatures vanquished.

Grand Total: 98 creatures vanquished

Notes
Turn   | Place    | Note
-------+----------+-------------------------------------------
     0 | D:1      | Citaku the Minotaur Fighter began the quest for the Orb.
     0 | D:1      | Reached XP level 1. HP: 19/19 MP: 0/0
   196 | D:1      | Reached XP level 2. HP: 27/27 MP: 1/1
   941 | D:2      | Found Ihinlohe's Jewellery Emporium.
   956 | D:2      | Reached skill level 4 in Armour
  1218 | D:2      | Reached XP level 3. HP: 32/33 MP: 2/2
  1222 | D:2      | Found a faded altar of an unknown god.
  1483 | D:2      | Identified the +5 mace "Fomun" {holy, Stlth+}
  1843 | D:3      | Found a bloodstained altar of Trog.
  1899 | D:3      | Reached XP level 4. HP: 33/40 MP: 3/3
  2001 | D:3      | Found a burning altar of Makhleb.
  2006 | D:3      | Found a hazy altar of Hepliaklqana.
  2006 | D:3      | Found a broken altar of Ashenzari.
  2017 | D:3      | Found a blossoming altar of Fedhas.
  2020 | D:3      | Found an ancient bone altar of Kikubaaqudgha.
  2350 | D:4      | Noticed a necrophage
  2356 | D:4      | Killed a necrophage
  2357 | D:4      | Reached skill level 5 in Armour
  2357 | D:4      | Reached XP level 5. HP: 44/47 MP: 4/4
  2593 | D:4      | Found a staircase to the Ecumenical Temple.
  2604 | Temple   | Entered the Ecumenical Temple
  2921 | D:4      | Noticed Duvessa
  2921 | D:4      | Noticed Dowan
  2937 | D:4      | Killed Dowan
  2937 | D:4      | Killed Duvessa
  2938 | D:4      | Reached XP level 6. HP: 12/53 MP: 5/5
  3418 | D:5      | Entered Level 5 of the Dungeon
  3523 | D:5      | Reached skill level 5 in Axes
  3523 | D:5      | Reached skill level 5 in Shields
  3592 | D:5      | Found a runed translucent gate.
  3592 | D:5      | Found a runed translucent gate.
  3592 | D:5      | Found a runed translucent gate.
  3593 | D:5      | Noticed M4edhros's ghost (novice OpWn)
  3643 | D:5      | Found a shimmering blue altar of Sif Muna.
  3678 | D:5      | Reached skill level 6 in Armour
  3772 | D:5      | Reached skill level 5 in Fighting
  4101 | D:6      | Reached XP level 7. HP: 59/61 MP: 6/6
  4177 | D:6      | Reached skill level 7 in Armour
  4226 | D:6      | Identified the +3 ring mail "Pukeba Edyze" {Dex+3}
  4272 | D:6      | Reached XP level 8. HP: 69/70 MP: 7/7
  4533 | D:6      | Found a runed translucent gate.
  4533 | D:6      | Found a runed translucent gate.
  4533 | D:6      | Found a runed translucent gate.
  4535 | D:6      | Found an opulent altar of Gozag.
  4537 | D:6      | Noticed semem's ghost (novice AtFi)
  4554 | D:6      | Killed semem's ghost
  4555 | D:6      | Reached skill level 8 in Armour
  4565 | D:6      | HP: 3/71 [something (7)]
  4566 | D:6      | HP: 1/71 [something (9)]
  4566 | D:6      | Mangled by a vampire

Illustrated notes

Levels and vault maps discovered:
D:1:      lightli_arrival_quake, layout_loops_ring, serial_forest,
          infiniplex_forest_end_double, infiniplex_forest_side_room,
          infiniplex_forest_join, infiniplex_forest_straight_4,
          infiniplex_forest_clump_double, infiniplex_forest_lined_4_way,
          infiniplex_forest_lined_2, infiniplex_forest_end_3
D:2:      layout_loops_ring, serial_shops, shop,
          shapermc_ecumenical_altar_mp_highgroup, minmay_pentomino_t2
D:3:      layout_loops_ring, mainiacjoe_overflow_alcove_1,
          minmay_overflow_temple_star_hex
D:4:      layout_loops_ring, minmay_temple_entry_grid, nicolae_hexahallways,
          uniq_duvessa
D:5:      layout_loops_ring, lemuel_blue_sif_altar,
          gammafunk_ghost_nasty_kobolds, minmay_misc_feat_alley
D:6:      layout_rooms, ebering_ghost_gozag
Temple:   chequers_temple_sunken

Skill      XL: |  1  2  3  4  5  6  7  8 |
---------------+-------------------------+-----
Armour         | 4 5 6 7 8 |  8.5
Axes           | 3 4 5 6 7 |  7.9
Fighting       | 4 5 6 |  6.5
Shields        | 4 5 6 |  6.5

Action                     |  1- 3 |  4- 6 |  7- 9 || total
---------------------------+-------+-------+-------++-------
  Melee: War axe           |   175 |    72 |       ||   247
         Headbutt          |    33 |    18 |     7 ||    58
         Hand axe          |       |    11 |    58 ||    69
    Use: Scroll            |       |       |     5 ||     5
         Potion            |       |       |     3 ||     3
 Armour: Scale mail        |    38 |    33 |    31 ||   102
  Dodge: Dodged            |    29 |    38 |    44 ||   111
  Block: Buckler           |    20 |    24 |    20 ||    64

Table legend: (Time is in decaauts)
 A = Elapsed time spent in this place.
 B = Non-inter-level travel time spent in this place.
 C = Inter-level travel time spent in this place.
 D = Time resting spent in this place.
 E = Time spent auto-exploring this place.
 F = Levels seen in this place.
 G = Mean time per level.
                   A        B        C        D        E       F      G
               +--------+--------+--------+--------+--------+-----+--------+
         Total |   4707 |   4620 |     87 |      0 |   3841 |   7 |  672.4 |
       Dungeon |   4487 |   4400 |     87 |      0 |   3645 |   6 |  747.8 |
        Temple |    220 |    220 |      0 |      0 |    196 |   1 |  220.0 |
               +--------+--------+--------+--------+--------+-----+--------+

Top non-repeatable levels by time:
     D:1: 987 daAuts
     D:4: 936 daAuts
     D:2: 757 daAuts
     D:5: 679 daAuts
     D:3: 656 daAuts
     D:6: 471 daAuts
  Temple: 220 daAuts
